 Dungeon Crawl Stone Soup version 0.22-a0-362-g535178c (webtiles) character file.

46303 Amnesiac the Markself (level 14, -8/87 HPs)
             Began as a Deep Elf Fighter on Apr 21, 2018.
             Was an Elder of Okawaru.
             Mangled by a phantasmal warrior (25 damage)
             ... led by a death knight
             ... on level 13 of the Dungeon.
             The game lasted 00:40:36 (21971 turns).

Amnesiac the Markself (Deep Elf Fighter)           Turns: 21971, Time: 00:40:36

Health: -8/87      AC: 20    Str: 17    XL:     14   Next: 4%
Magic:  17/22      EV: 27    Int: 15    God:    Okawaru [****..]
Gold:   1828       SH:  0    Dex: 19    Spells: 9/13 levels left

rFire    + . .     SeeInvis .   A - +2 longbow (flame)
rCold    . . .     Gourm    .   (shield currently unavailable)
rNeg     . . .     Faith    .   o - +1 chain mail {rF+}
rPois    .         Spirit   .   (no helmet)
rElec    .         Reflect  .   (no cloak)
rCorr    +         Harm     .   p - +1 pair of gloves
MR       .....                  s - +2 pair of boots
Stlth    +.........             i - amulet of rage
HPRegen  0.24/turn              q - ring of resist corrosion
MPRegen  0.18/turn              y - +5 ring of evasion

@: agile, vulnerable, heroism, finesse, very slightly contaminated
A: no striking features
a: Heroism, Renounce Religion, Evoke Berserk Rage


You were on level 13 of the Dungeon.
You worshipped Okawaru.
Okawaru was greatly pleased with you.
You were not hungry.

You visited 3 branches of the dungeon, and saw 16 of its levels.
You also visited: Bailey and Volcano.

You collected 2352 gold pieces.
You spent 524 gold pieces at shops.

Inventory:

Hand Weapons
 a - a +1 longbow of freezing
 b - a +5 scimitar
 g - a +2 falchion of flaming
 h - the +2 hunting sling "Noca" {venom, rN++ Str+3}
   (Okawaru gifted it to you in a volcano)

   It poisons the ammo it fires.
   It affects your strength (+3).
   It greatly protects you from negative energy.
 A - a +2 longbow of flaming (weapon)
Missiles
 j - 306 stones
 l - 27 sling bullets
 z - 167 arrows (quivered)
Armour
 o - a +1 chain mail of fire resistance (worn)
 p - a +1 pair of gloves (worn)
 r - a +0 ring mail of cold resistance
 s - a +2 pair of boots (worn)
 D - the +2 leather armour "Xofareky" {MR+ rCorr Slay+3, unknown}
   (You found it on level 11 of the Dungeon)

   It affects your accuracy and damage with ranged weapons and melee attacks
   (+3).
   It affects your resistance to hostile enchantments.
   It protects you from acid and corrosion.
 I - the +17 plate armour of Dogma {MR++ Dex+4, unknown}
   (Okawaru gifted it to you on level 12 of the Dungeon)

   It affects your dexterity (+4).
   It affects your resistance to hostile enchantments.
Jewellery
 i - an amulet of rage (around neck)
 q - a ring of resist corrosion (left hand)
 y - a +5 ring of evasion (right hand)
 F - an uncursed ring of positive energy {unknown}
Wands
 e - a wand of scattershot (5)
 J - a wand of clouds (4)
Scrolls
 k - 8 scrolls of remove curse {!r}
 t - 2 scrolls of fog {!r}
 w - 2 scrolls of amnesia {!r}
 E - 2 scrolls of identify {!r}
 G - 2 scrolls of enchant armour {!r, unknown}
Potions
 c - a potion of magic {!q}
 d - 6 potions of might {!q}
 m - 4 potions of flight {!q}
 n - 2 potions of curing {!q}
 u - 2 potions of agility {!q}
 x - 3 potions of haste {!q}
 C - a potion of cancellation {!q}
 H - a potion of berserk rage {!q, unknown}
Comestibles
 f - 26 rations
 v - 3 chunks of flesh


   Skills:
 * Level 9.8(14.8) Fighting
   Level 2.0(7.0) Short Blades
 + Level 16.0(21.0) Bows
 * Level 9.8(14.8) Armour
 + Level 9.8(14.8) Dodging
   Level 2.4(7.4) Shields
 - Level 8.5 Invocations


You had 9 spell levels left.
You knew the following spells:

 Your Spells              Type           Power        Failure   Level  Hunger
a - Apportation           Tloc           #.....       88%         1    ##.....
b - Summon Small Mammal   Summ           #...         88%         1    ##.....
c - Animate Skeleton      Necr           N/A          88%         1    ##.....
z - Confusing Touch       Hex            #.....       88%         1    ##.....


Dungeon Overview and Level Annotations

Branches:
Dungeon (13/15) Temple (1/1) D:7 Lair (0/6) D:10 Orc (2/2) D:9 Elf (0/3) Orc:2 Vaults (0/5) D:12 D:13

Altars:
Ashenzari
Elyvilon
Hepliaklqana
Kikubaaqudgha
Makhleb
Okawaru
Trog
Uskayaw
Vehumet
Wu Jian
Xom
Yredelemnul
Zin
The Shining One
Beogh

Shops:
D:5 :   D:6 =   Orc:2 (([}

Annotations:
D:3 1 runed door
D:5 Prince Ribbit
D:6 2 transporters


Message History

You shoot an arrow.
The arrow closely misses the phantasmal warrior.
The arrow closely misses the centaur warrior.
The arrow hits the freezing wraith!
The arrow burns the freezing wraith.
The freezing wraith is severely damaged.
Firing (i - inventory. (/) - cycle)
z - 174 arrows (quivered)
Press: ? - help, Shift-Dir - straight line, f/p - phantasmal warrior
Aim: a phantasmal warrior You shoot an arrow.
The arrow hits the phantasmal warrior.
The arrow burns the phantasmal warrior.
The phantasmal warrior is lightly damaged.
The phantasmal warrior misses you.
Firing (i - inventory. (/) - cycle)
z - 173 arrows (quivered)
Press: ? - help, Shift-Dir - straight line, f/p - phantasmal warrior
Aim: a phantasmal warrior (lightly damaged)
You shoot an arrow. The arrow hits the phantasmal warrior.
The arrow burns the phantasmal warrior.
The phantasmal warrior is lightly damaged.
Unknown command.
Unknown command.
Firing (i - inventory. (/) - cycle)
z - 172 arrows (quivered)
Press: ? - help, Shift-Dir - straight line, f/p - phantasmal warrior
Aim: a phantasmal warrior (lightly damaged)
You shoot an arrow.
The arrow barely misses the phantasmal warrior.
The centaur warrior unwields an uncursed shortbow.
The centaur warrior barely misses you.
Firing (i - inventory. (/) - cycle)
z - 171 arrows (quivered)
Press: ? - help, Shift-Dir - straight line, f/p - phantasmal warrior
Aim: a phantasmal warrior (lightly damaged)
You shoot an arrow.
The arrow barely misses the phantasmal warrior.
The arrow hits the freezing wraith but does no damage.
The freezing wraith is severely damaged.
Firing (i - inventory. (/) - cycle)
z - 170 arrows (quivered)
Press: ? - help, Shift-Dir - straight line, p - phantasmal warrior You shoot an arrow.
The arrow hits the freezing wraith but does no damage.
The freezing wraith is severely damaged.
The centaur warrior barely misses you.
Unknown command.
Firing (i - inventory. (/) - cycle)
z - 169 arrows (quivered)
Press: ? - help, Shift-Dir - straight line, f - freezing wraith
Aim: a freezing wraith (severely damaged)
You shoot an arrow.
The arrow closely misses the freezing wraith.
The phantasmal warrior hits you.
* * * LOW HITPOINT WARNING * * *
Your magical defenses are stripped away!
Unknown command.
Firing (i - inventory. (/) - cycle)
z - 168 arrows (quivered)
Press: ? - help, Shift-Dir - straight line, f/p - freezing wraith
Aim: a freezing wraith (severely damaged)
You shoot an arrow. The arrow hits the freezing wraith!!
The arrow burns the freezing wraith!
You destroy the freezing wraith!
Okawaru accepts your kill. The centaur warrior barely misses you.
Unknown command.
Really quaff
n - 3 potions of curing {!q}?
You feel better.
The centaur warrior completely misses you.
The phantasmal warrior hits you!!
You die...

# #...######.#
##.5.#....#.# .#
#...O#......# #.#
#....#@W....#
.#.##....#(c._..#
(#.#....#(.....#
.##.....#(.....#
##.#(..((...#.#.#
#..#..(((.(.....#
#.(#.p((#########
#))c#(# #...#(#


You could see a centaur warrior and a phantasmal warrior.

Vanquished Creatures
  An orc warlord (Orc:2)
  Snorg (D:11)
  2 hydras
  6 centaur warriors
  A dancing weapon (Volcano)
  4 two-headed ogres
  An orc high priest (Orc:2)
  Urug (D:13)
  A death drake (shapeshifter) (D:13)
  An unseen horror (D:10)
  5 wizards (Volcano)
  A deep elf archer (D:13)
  2 orc knights (Bailey)
  4 ugly things
  An orc sorcerer (Orc:2)
  An oklob plant (D:12)
  2 deep elf magi
  A manticore (D:13)
  5 toenail golems (Volcano)
  A cyclops (D:10)
  4 centaur zombies
  A gargoyle (D:12)
  3 centaur skeletons
  A kobold demonologist (D:12)
  A freezing wraith (D:13)
  6 trolls
  2 dream sheep (D:8)
  12 slime creatures
  4 hippogriffs
  A meliai zombie (D:13)
  A vampire (D:13)
  2 wraiths
  16 humans (D:12)
  A wyvern (D:9)
  2 hungry ghosts
  15 yaks
  2 steam dragons
  2 wargs (Orc:1)
  An acid dragon (D:12)
  Duvessa (D:7)
  A water moccasin (D:5)
  2 porcupines (D:10)
  41 orc warriors
  3 black bears (D:9)
  3 phantoms
  A sky beast (D:6)
  8 ogres
  11 centaurs
  7 big kobolds
  8 bullfrogs
  A wyvern zombie (D:12)
  Dowan (D:7)
  A water moccasin skeleton (D:7)
  4 scorpions
  12 killer bees
  9 wights
  7 crimson imps
  8 howler monkeys
  3 bullfrog zombies
  A quasit (D:9)
  3 hounds
  3 jellies
  23 orc priests
  25 orc wizards
  2 bullfrog skeletons
  5 iguanas
  9 worker ants
  2 hound skeletons
  3 worker ant zombies
  5 gnolls
  12 adders
  A shadow imp (D:9)
  2 adder zombies (D:7)
  2 adder skeletons (D:4)
  2 worms
  3 dart slugs
  15 leopard geckos
  95 orcs
  10 bats
  3 giant cockroaches
  2 gnoll zombies (D:3)
  16 goblins
  5 hobgoblins
  3 jackals (D:4)
  A ball python (D:1)
  4 frilled lizards
  44 kobolds
  A leopard gecko skeleton (D:4)
  7 rats
560 creatures vanquished.

Vanquished Creatures (others)
  An orc priest (D:8)
  A fungus (D:10)
  A plant (D:10)
3 creatures vanquished.

Grand Total: 563 creatures vanquished

Notes
Turn   | Place    | Note
-------+----------+-------------------------------------------
     0 | D:1      | Amnesiac the Deep Elf Fighter began the quest for the Orb.
     0 | D:1      | Reached XP level 1. HP: 13/13 MP: 3/3
   133 | D:1      | Reached skill level 1 in Dodging
   236 | D:1      | Reached XP level 2. HP: 18/18 MP: 4/4
   993 | D:2      | Reached XP level 3. HP: 22/22 MP: 5/5
  1512 | D:2      | Reached XP level 4. HP: 23/27 MP: 6/6
  2340 | D:3      | Found a white marble altar of Elyvilon.
  2340 | D:3      | Noticed an angel
  2503 | D:3      | Found a runed door.
  2534 | D:3      | Reached XP level 5. HP: 26/32 MP: 7/7
  2971 | D:3      | Found a basalt altar of Yredelemnul.
  3517 | D:4      | Reached XP level 6. HP: 36/38 MP: 8/8
  3882 | D:5      | Entered Level 5 of the Dungeon
  4009 | D:6      | Noticed a sky beast
  4018 | D:6      | Killed a sky beast
  4019 | D:6      | Found an ancient bone altar of Kikubaaqudgha.
  4066 | D:6      | Found a radiant altar of Vehumet.
  4109 | D:6      | Noticed Prince Ribbit
  4445 | D:5      | Reached XP level 7. HP: 44/44 MP: 9/9
  4684 | D:5      | Noticed a hungry ghost
  4897 | D:4      | Learned a level 1 spell: Apportation
  4899 | D:4      | Learned a level 1 spell: Confusing Touch
  4901 | D:4      | Learned a level 1 spell: Summon Small Mammal
  5074 | D:5      | Found Dexkov's Book Boutique.
  5156 | D:5      | Found an iron altar of Okawaru.
  5183 | D:5      | Killed a hungry ghost
  5183 | D:5      | Reached skill level 5 in Fighting
  5434 | D:6      | Reached skill level 5 in Armour
  5481 | D:6      | Noticed Dowan
  5483 | D:6      | Noticed Duvessa
  5504 | D:7      | Reached skill level 5 in Dodging
  5560 | D:7      | Killed Duvessa
  5560 | D:7      | Reached XP level 8. HP: 23/49 MP: 10/10
  5571 | D:7      | Killed Dowan
  5724 | D:6      | Found Casmumit's Jewellery Boutique.
  5829 | D:6      | Found a hazy altar of Hepliaklqana.
  5834 | D:6      | Found a transporter.
  5840 | D:6      | Found a transporter.
  5876 | D:6      | Found a shattered altar of Ashenzari.
  5919 | D:5      | Found a white marble altar of Elyvilon.
  5919 | D:5      | Found a glowing golden altar of the Shining One.
  5930 | D:5      | Became a worshipper of Warmaster Okawaru
  6582 | D:6      | Found an ornate altar of the Wu Jian Council.
  6818 | D:7      | Found a staircase to the Ecumenical Temple.
  7366 | D:7      | Reached * piety under Okawaru
  7530 | D:7      | Reached skill level 1 in Bows
  7623 | D:7      | Reached skill level 2 in Bows
  7786 | D:8      | Reached XP level 9. HP: 26/56 MP: 11/11
  8048 | D:8      | Reached skill level 3 in Bows
  8156 | D:8      | Reached skill level 4 in Bows
  8209 | D:8      | Reached skill level 5 in Bows
  8323 | D:8      | Reached ** piety under Okawaru
  8347 | D:8      | Reached skill level 6 in Bows
  8572 | D:8      | Reached skill level 7 in Bows
  8658 | D:8      | Noticed a two-headed hydra
  8664 | D:8      | Killed a one-headed hydra
  8664 | D:8      | Reached *** piety under Okawaru
  8664 | D:8      | Reached skill level 9 in Bows
  8994 | D:7      | Reached XP level 10. HP: 58/61 MP: 12/12
  9533 | D:7      | Reached skill level 10 in Bows
  9555 | D:7      | Reached **** piety under Okawaru
  9835 | Temple   | Entered the Ecumenical Temple
  9917 | D:8      | Learned a level 1 spell: Animate Skeleton
 10216 | D:8      | Found a burning altar of Makhleb.
 10254 | D:8      | Found a shimmering altar of Xom.
 10615 | D:9      | Reached skill level 11 in Bows
 10851 | D:9      | Noticed a brown ugly thing
 10863 | D:9      | Killed a brown ugly thing
 11217 | D:9      | Reached skill level 12 in Bows
 11338 | D:9      | Found a staircase to the Orcish Mines.
 11535 | D:9      | HP: 4/91 [orc warrior/mace (12)]
 12204 | D:10     | Entered Level 10 of the Dungeon
 12264 | D:10     | Found a flagged portal.
 12318 | Bailey   | Entered a bailey
 12414 | Bailey   | Noticed an orc knight
 12421 | Bailey   | Noticed an orc knight
 12697 | Bailey   | Reached skill level 13 in Bows
 12811 | Bailey   | Killed an orc knight
 12811 | Bailey   | Reached ***** piety under Okawaru
 12811 | Bailey   | Reached XP level 11. HP: 63/66 MP: 13/13
 12982 | Bailey   | Killed an orc knight
 13421 | Orc:1    | Entered Level 1 of the Orcish Mines
 13462 | Orc:1    | Found a bloodstained altar of Trog.
 13548 | Orc:1    | Found a dark tunnel.
 13557 | Volcano  | Entered a volcano
 13588 | Volcano  | Noticed a wizard
 13601 | Volcano  | Killed a wizard
 13601 | Volcano  | Received a gift from Okawaru
 13601 | Volcano  | Reached skill level 14 in Bows
 13923 | Volcano  | Noticed a mace of flaming
 13934 | Volcano  | Received a gift from Okawaru
 13948 | Volcano  | Killed a mace of flaming
 13948 | Volcano  | Reached skill level 5 in Invocations
 14143 | Volcano  | Noticed a wizard
 14143 | Volcano  | Noticed a wizard
 14150 | Volcano  | Killed a wizard
 14153 | Volcano  | Killed a wizard
 14153 | Volcano  | Received a gift from Okawaru
 14158 | Volcano  | Got an iridescent hunting sling {god gift}
 14168 | Volcano  | Identified the +2 hunting sling "Noca" {venom, rN++ Str+3} (Okawaru gifted it to you in a volcano)
 14209 | Volcano  | Noticed a wizard
 14222 | Volcano  | Killed a wizard
 14437 | Volcano  | Noticed a wizard
 14445 | Volcano  | Killed a wizard
 14566 | Orc:2    | Entered Level 2 of the Orcish Mines
 14648 | Orc:2    | Found a staircase to the Elven Halls.
 14988 | Orc:2    | Found a roughly hewn altar of Beogh.
 15001 | Orc:2    | Found a roughly hewn altar of Beogh.
 15722 | Orc:2    | Found a roughly hewn altar of Beogh.
 15723 | Orc:2    | Noticed an orc sorcerer
 15773 | Orc:2    | Killed an orc sorcerer
 15773 | Orc:2    | Reached XP level 12. HP: 49/71 MP: 16/20
 15857 | Orc:2    | Found Fuschopteo's Gadget Shoppe.
 15938 | Orc:1    | Received a gift from Okawaru
 16060 | Orc:2    | Found a roughly hewn altar of Beogh.
 16480 | Orc:2    | Noticed an orc warlord
 16495 | Orc:2    | Killed an orc warlord
 16589 | Orc:2    | Found Nyuleiv's Antique Armour Emporium.
 16589 | Orc:2    | Found a roughly hewn altar of Beogh.
 16615 | Orc:2    | Found Relomiguma's Antique Weapon Shoppe.
 16628 | Orc:2    | Bought a pair of glowing boots for 262 gold pieces
 16661 | Orc:2    | Bought a pair of glowing gloves for 262 gold pieces
 16815 | Orc:2    | Found a roughly hewn altar of Beogh.
 16913 | Orc:2    | Found a roughly hewn altar of Beogh.
 16914 | Orc:2    | Noticed an orc high priest
 16936 | Orc:2    | Killed an orc high priest
 16936 | Orc:2    | Reached skill level 15 in Bows
 16961 | Orc:2    | Found Oxoiclig's Antique Weapon Emporium.
 17663 | D:10     | Noticed a two-headed ogre
 17667 | D:10     | Killed a two-headed ogre
 17941 | D:10     | Received a gift from Okawaru
 18049 | D:10     | Found a staircase to the Lair.
 18344 | D:11     | Found Damostr Mafa's Jewellery Emporium.
 18518 | D:11     | Noticed a two-headed ogre
 18523 | D:11     | Killed a two-headed ogre
 18530 | D:11     | Got a pitted leather armour
 18738 | D:11     | Noticed Snorg
 18743 | D:11     | Killed Snorg
 18853 | D:11     | Reached XP level 13. HP: 78/78 MP: 21/21
 19412 | D:12     | Received a gift from Okawaru
 19736 | D:12     | Found a glowing silver altar of Zin.
 19752 | D:12     | Found an iron altar of Okawaru.
 19969 | D:12     | Received a gift from Okawaru
 20287 | D:13     | Found a gate to the Vaults.
 20287 | D:13     | Noticed Urug
 20307 | D:12     | Received a gift from Okawaru
 20835 | D:12     | Received a gift from Okawaru
 20880 | D:12     | Got a brightly glowing plate armour {god gift}
 21198 | D:13     | Killed Urug
 21846 | D:13     | Reached skill level 16 in Bows
 21877 | D:13     | Found a hide-covered altar of Uskayaw.
 21893 | D:13     | Reached XP level 14. HP: 17/87 MP: 15/22
 21959 | D:13     | HP: 2/87 [phantasmal warrior[a death knight] (16)]
 21971 | D:13     | Mangled by a phantasmal warrior

Vault maps used:
D:1:      scummos_arrival_star
D:3:      lemuel_zombie_altar_yredelemnul, lemuel_angel_altar
D:5:      nicolae_overflow_hidden_temple, serial_shops, shop, first_ration
D:6:      lemuel_round_altar, lemuel_round_altar, vehumet_crystals,
          gammafunk_temple_overflow_arena, kennysheep_mini, serial_shops, shop,
          uniq_duvessa, uniq_prince_ribbit1
D:7:      minmay_temple_entry_mist
D:8:      grunt_temple_overflow_champion_of_chaos, hangedman_ranch
D:9:      orc_0_dummy, evilmike_butchery
D:10:     grunt_lair_entry_orc_guard_hut, enter_bailey_3
D:11:     serial_shops, shop, minmay_misc_feat_ornament, uniq_snorg
D:12:     basic_altar, lemuel_oklob_altar
D:13:     minmay_ornate_pinched, david_vaults_3, basic_altar
Temple:   minmay_temple_curvy_loop
Orc:1:    lightli_volcano_entry_magma_tube, bloody_trog
Orc:2:    grunt_orc_community_town_hall, grunt_orc_community_big_house_1,
          grunt_orc_community_big_house_1, grunt_orc_community_house_2,
          grunt_orc_community_house_3, grunt_orc_community_house_2,
          grunt_orc_community_house_3
Bailey:   bailey_axe_4, bailey
Volcano:  volcano_bunker

Skill      XL: |  1  2  3  4  5  6  7  8  9 10 11 12 13 |
---------------+----------------------------------------+-----
Dodging        | 2 3 4 5 6 8 9 |  9.8
Fighting       | 3 4 5 6 8 9 |  9.8
Armour         | 3 4 5 6 8 9 |  9.8
Bows           | 2 9 13 14 15 16 | 16.0
Invocations    | 8 |  8.5
Short Blades   | |  2.0
Shields        | |  2.4

Action                   |  1- 3 |  4- 6 |  7- 9 | 10-12 | 13-15 || total
-------------------------+-------+-------+-------+-------+-------++-------
Melee: Rapier            |   149 |   260 |    77 |    10 |       ||   496
       Falchion          |       |       |     7 |     8 |       ||    15
       Scimitar          |       |       |       |   290 |       ||   290
       Shortbow          |       |       |       |     2 |       ||     2
       Punch             |       |       |       |     2 |       ||     2
       Longbow           |       |       |       |     1 |       ||     1
 Fire: Hunting sling     |       |    29 |   179 |    83 |       ||   291
       Shortbow          |       |       |   135 |   729 |       ||   864
       Longbow           |       |       |       |   270 |   498 ||   768
Throw: Stone             |       |       |       |     7 |       ||     7
Invok: Heroism           |       |       |     1 |    18 |     7 ||    26
       Finesse           |       |       |       |    12 |     8 ||    20
 Abil: Evoke Berserk Rag |     3 |     8 |     6 |    10 |       ||    27
Evoke: Wand              |       |       |     5 |       |       ||     5
  Use: Scroll            |     2 |     2 |     6 |     8 |     3 ||    21
       Potion            |       |     1 |     6 |     4 |     4 ||    15
  Eat: Chunk             |     4 |    10 |     9 |    34 |     9 ||    66
       Ration            |       |     2 |     4 |     1 |       ||     7
Armor: Scale mail        |    77 |   107 |    88 |    12 |       ||   284
       Plate armour      |       |       |       |   200 |       ||   200
       Leather armour    |       |       |       |    38 |       ||    38
       Chain mail        |       |       |       |    24 |   144 ||   168
Dodge: Dodged            |    64 |    82 |   123 |   575 |   263 ||  1107
Block: Shield            |    72 |   123 |    95 |       |       ||   290
       Rpst.: Scimitar   |       |       |       |    67 |       ||    67
       Falchion          |       |       |       |     2 |       ||     2

Table legend:
 A = Spawn XP
 B = Non-spawn XP
 C = Spawn XP percentage of total XP
 D = Spawn monster count
 E = Non-spawn monster count
 F = Spawn count percentage of total count
 G = Total turns spent on level
                    A         B        C        D         E        F      G
               +---------+---------+-------+---------+---------+-------+---------
         Total |       0 |   66148 |   0.0 |       0 |     561 |   0.0 | 21971
               +---------+---------+-------+---------+---------+-------+---------
           D:1 |       0 |      34 |   0.0 |       0 |      22 |   0.0 |   907
           D:2 |       0 |      78 |   0.0 |       0 |      21 |   0.0 |  1011
           D:3 |       0 |     170 |   0.0 |       0 |      35 |   0.0 |  1619
           D:4 |       0 |     261 |   0.0 |       0 |      20 |   0.0 |   607
           D:5 |       0 |     681 |   0.0 |       0 |      12 |   0.0 |  1451
           D:6 |       0 |     300 |   0.0 |       0 |       6 |   0.0 |  1029
           D:7 |       0 |    2219 |   0.0 |       0 |      40 |   0.0 |  1704
           D:8 |       0 |    2957 |   0.0 |       0 |      20 |   0.0 |  2097
           D:9 |       0 |    3203 |   0.0 |       0 |      59 |   0.0 |  2065
          D:10 |       0 |    5487 |   0.0 |       0 |      30 |   0.0 |   790
          D:11 |       0 |    5918 |   0.0 |       0 |      35 |   0.0 |   947
          D:12 |       0 |   15915 |   0.0 |       0 |      68 |   0.0 |  1983
          D:13 |       0 |   10565 |   0.0 |       0 |      34 |   0.0 |   723
         Orc:1 |       0 |    1583 |   0.0 |       0 |      20 |   0.0 |   636
         Orc:2 |       0 |    8118 |   0.0 |       0 |     101 |   0.0 |  2621
        Bailey |       0 |    1965 |   0.0 |       0 |      27 |   0.0 |   854
       Volcano |       0 |    6694 |   0.0 |       0 |      11 |   0.0 |   925
               +---------+---------+-------+---------+---------+-------+---------
